 Dungeon Crawl Stone Soup version 0.21.1-1-g345015f (webtiles) character file.

1351 Mgcat the Digger (level 8, -5/57 HPs)
             Began as a Formicid Earth Elementalist on Mar 13, 2018.
             Was a Follower of Vehumet.
             Slain by a black bear (6 damage)
             ... on level 6 of the Dungeon.
             The game lasted 00:16:43 (6764 turns).

Mgcat the Digger (Formicid Earth Elementalist)      Turns: 6764, Time: 00:16:43

Health: -5/57      AC:  3    Str: 13    XL:     8   Next: 95%
Magic:  0/16       EV: 13    Int: 17    God:    Vehumet [*.....]
Gold:   301        SH:  0    Dex: 11    Spells: 8/18 levels left

rFire    . . .     SeeInvis +   x - +4 mace
rCold    . . .     Gourm    .   (no shield)
rNeg     . . .     Faith    .   c - +0 robe
rPois    +         Spirit   .   (helmet unavailable)
rElec    .         Reflect  .   (no cloak)
rCorr    .         Harm     .   A - +0 pair of gloves
MR       .....                  (no boots)
Stlth    ++........             (no amulet)
HPRegen  0.19/turn              a - ring of poison resistance {rPois, !d}
MPRegen  0.15/turn              (no ring)

@: very slightly contaminated
A: permanent stasis, dig shafts and tunnels, four strong arms, antennae 3
a: Dig, Shaft Self, Renounce Religion


You were on level 6 of the Dungeon.
You worshipped Vehumet.
Vehumet was aware of your devotion.
You were not hungry.

You visited 2 branches of the dungeon, and saw 7 of its levels.

You collected 301 gold pieces.

Inventory:

Hand Weapons
 x - a +4 mace (weapon)
   (You took it off a wight on level 6 of the Dungeon)
Missiles
 b - 136 stones (quivered)
Armour
 c - a +0 robe (worn)
 A - a +0 pair of gloves (worn)
   (You found it on level 5 of the Dungeon)
Jewellery
 a - a ring of poison resistance (left hand) {rPois, !d}
   (You found it on level 3 of the Dungeon)
Wands
 r - a wand of polymorph (6)
   (You found it on level 3 of the Dungeon)
 s - a wand of disintegration (10)
   (You found it on level 4 of the Dungeon)
 y - a wand of scattershot (5)
   (You found it on level 5 of the Dungeon)
Scrolls
 f - a scroll of fog {unknown}
 h - 2 scrolls of random uselessness {unknown}
 l - a scroll of summoning {unknown}
 m - 3 scrolls of teleportation {unknown}
 n - a scroll of blinking {unknown}
 p - 11 scrolls of identify
 q - 3 scrolls of immolation {unknown}
 t - a scroll of noise {unknown}
 u - a scroll of magic mapping {!r}
 v - a scroll of acquirement {unknown}
 w - a scroll of amnesia {unknown}
Potions
 g - 3 potions of flight
 i - 2 potions of lignification {unknown}
 j - a potion of haste
 o - a potion of berserk rage {unknown}
 z - 2 potions of curing
Comestibles
 d - 5 rations
 k - 2 chunks of flesh {@w0}


   Skills:
 + Level 2.6 Fighting
 - Level 0.8 Armour
 + Level 3.0 Dodging
 - Level 2.4 Stealth
 + Level 5.9 Spellcasting
 + Level 4.5 Conjurations
   Level 1.1 Transmutations
 + Level 7.5 Earth Magic


You had 8 spell levels left.
You knew the following spells:

 Your Spells              Type           Power        Failure   Level  Hunger
a - Sandblast             Erth           ####..       1%          1    None
b - Stone Arrow           Conj/Erth      ####..       3%          3    ##.....
c - Lee's Rapid Deconstr  Erth           ####......   16%         5    #####..
d - Flame Tongue          Conj/Fire      ##...        4%          1    None


Dungeon Overview and Level Annotations

Branches:
Dungeon (6/15)             Temple (1/1) D:4

Altars:
Ashenzari
Cheibriados
Dithmenos
Gozag
Hepliaklqana
Kikubaaqudgha
Makhleb
Nemelex Xobeh
Qazlal
Uskayaw
Vehumet
Xom
Zin
The Shining One


Innate Abilities, Weirdness & Mutations

You cannot be hasted, slowed, berserked, paralysed or teleported.
You can dig through walls and to a lower floor.
Your four strong arms can wield two-handed weapons with a shield.
You have a pair of large antennae on your head. (SInv)


Message History

You sense a monster nearby.
z - 2 potions of curing (gained 1)
You open the door.
You sense a monster nearby.
There is an open door here.
Found a stone staircase leading down.
Found an escape hatch in the floor.
A centaur comes into view.
The centaur shouts!
You hear a shout!
You hear an angry growl.
The centaur wields a shortbow.
The centaur shoots an arrow.
The arrow hits you.
Found 11 gold pieces.
Found a stone staircase leading up.
A black bear comes into view.
You see here an arrow.
Casting: Stone Arrow
Confirm with . or Enter, or press ? or * to list all spells.
Aiming: Stone Arrow
Press: ? - help, Shift-Dir - straight line, f - centaur
Aim: a centaur, wielding a shortbow You miscast Stone Arrow.
You are very lightly contaminated with residual magic.
Nothing appears to happen.
The centaur shoots an arrow.
The arrow closely misses you.
Casting: Stone Arrow
Confirm with . or Enter, or press ? or * to list all spells.
Aiming: Stone Arrow
Press: ? - help, Shift-Dir - straight line, f/p - centaur
Aim: a centaur, wielding a shortbow The stone arrow hits the centaur.
The centaur is moderately wounded.
The centaur shoots an arrow.
The arrow hits you.
Casting: Stone Arrow
Confirm with . or Enter, or press ? or * to list all spells.
Aiming: Stone Arrow
Press: ? - help, Shift-Dir - straight line, f/p - centaur
Aim: a centaur, wielding a shortbow (moderately wounded)
The stone arrow hits the centaur.
You kill the centaur!
Vehumet accepts your kill.
Your Dodging skill increases to level 3!
Casting: Stone Arrow
Confirm with . or Enter, or press ? or * to list all spells.
Aiming: Stone Arrow
Press: ? - help, Shift-Dir - straight line, f - black bear
Aim: a black bear The stone arrow hits the black bear.
The black bear is heavily wounded.
Casting: Stone Arrow
Confirm with . or Enter, or press ? or * to list all spells.
Aiming: Stone Arrow
Press: ? - help, Shift-Dir - straight line, f/p - black bear
Aim: a black bear (heavily wounded)
The stone arrow hits the black bear.
The black bear is severely wounded.
The black bear goes berserk!
Casting: Stone Arrow
Confirm with . or Enter, or press ? or * to list all spells.
You don't have enough magic to cast that spell.
Casting: Stone Arrow
Confirm with . or Enter, or press ? or * to list all spells.
Aiming: Sandblast
Press: ? - help, Shift-Dir - straight line, f/p - black bear
Aim: a black bear (severely wounded, berserk, fast, unusually strong)
The blast of sand hits the black bear.
The black bear is almost dead.
b - 137 stones You hear a shout!
You hit the black bear but do no damage.
The black bear is almost dead.
The black bear bites you. The black bear claws you. x2
The black bear bites you but does no damage.
The black bear completely misses you. The black bear barely misses you.
Casting: Sandblast
Confirm with . or Enter, or press ? or * to list all spells.
Aiming: Sandblast
Press: ? - help, Shift-Dir - straight line, f/p - black bear
Aim: a black bear (almost dead, berserk, fast, unusually strong)
The blast of sand hits the black bear.
The black bear is almost dead.
b - 136 stones The black bear barely misses you.
The black bear claws you. x2
The black bear bites you.
The black bear claws you but does no damage.
The black bear closely misses you.
You closely miss the black bear.
The black bear is almost dead.
The black bear bites you! The black bear claws you.
The black bear barely misses you. The black bear completely misses you.
The black bear misses you. The black bear barely misses you.
You hit the black bear.
The black bear is almost dead.
The black bear bites you. The black bear claws you.
* * * LOW HITPOINT WARNING * * *
The black bear claws you.
* * * LOW HITPOINT WARNING * * *
The black bear bites you!
* * * LOW HITPOINT WARNING * * *
The black bear claws you.
* * * LOW HITPOINT WARNING * * *
The black bear claws you.
You die...

#.#.# #.#..#{
#...####.#..#
##.......#...
####...#####.#{.
#....>.#.>.#.#.{. .
#.####.#.#.#.# #..
#.#....#.#.#)###([..
#.##.......#.....$<.
#.....#.#..#@h#
#####.#....#..#
#.#...##..##
#.#.....(..#
#.#..#####.....
#.#..# .#### #.#..#
## #.... #####


You could see a black bear (berserk).

Vanquished Creatures
  Sigmund (D:3)
  A wyvern (D:4)
  A sky beast (D:5)
  2 centaurs
  A jelly (D:6)
  3 wights (D:6)
  3 hounds
  2 orc priests
  4 orc wizards
  A centaur skeleton (D:4)
  An iguana (D:4)
  4 worker ants
  A hound skeleton (D:5)
  A hound zombie (D:3)
  7 adders
  A howler monkey skeleton (D:4)
  2 shadow imps
  An adder skeleton (D:4)
  An adder zombie (D:5)
  3 worms
  2 dart slugs
  2 leopard geckos
  11 orcs
  2 ball pythons
  2 bats
  2 giant cockroaches
  8 goblins
  9 hobgoblins
  11 jackals
  9 kobolds
  5 quokkas
  3 frilled lizards
  A quokka zombie (D:5)
  7 rats
115 creatures vanquished.

Notes
Turn   | Place    | Note
-------+----------+-------------------------------------------
     0 | D:1      | Mgcat the Formicid Earth Elementalist began the quest for the Orb.
     0 | D:1      | Reached XP level 1. HP: 13/13 MP: 3/3
    86 | D:1      | Reached XP level 2. HP: 19/19 MP: 3/5
   115 | D:1      | Reached skill level 4 in Earth Magic
   347 | D:1      | HP: 4/19 [kobold/short sword (1)]
   347 | D:1      | HP: 1/19 [kobold/short sword (3)]
   872 | D:1      | HP: 4/19 [kobold (3)]
  1137 | D:1      | Reached XP level 3. HP: 16/24 MP: 7/7
  1556 | D:1      | Learned a level 3 spell: Stone Arrow
  1638 | D:1      | Reached skill level 3 in Spellcasting
  1693 | D:2      | Found a burning altar of Makhleb.
  1953 | D:2      | Reached XP level 4. HP: 27/30 MP: 8/8
  2163 | D:2      | Reached skill level 1 in Conjurations
  2260 | D:2      | Found a shadowy altar of Dithmenos.
  2860 | D:3      | Noticed Sigmund
  2875 | D:3      | Reached skill level 5 in Earth Magic
  2875 | D:3      | Reached XP level 5. HP: 17/35 MP: 4/10
  3053 | D:3      | Reached skill level 2 in Conjurations
  3201 | D:3      | Reached XP level 6. HP: 41/41 MP: 9/11
  3323 | D:3      | Reached skill level 4 in Spellcasting
  3534 | D:3      | Found an ancient bone altar of Kikubaaqudgha.
  3546 | D:3      | Killed Sigmund
  3546 | D:3      | Reached skill level 6 in Earth Magic
  3546 | D:3      | Reached XP level 7. HP: 28/46 MP: 7/13
  4056 | D:4      | Reached skill level 3 in Conjurations
  4172 | D:4      | Found a shimmering altar of Xom.
  4276 | D:4      | Noticed a wyvern
  4339 | D:4      | Killed a wyvern
  4339 | D:4      | Reached skill level 5 in Spellcasting
  4589 | D:4      | Reached XP level 8. HP: 51/52 MP: 4/15
  4703 | D:4      | Found an opulent altar of Gozag.
  4794 | D:4      | Found a staircase to the Ecumenical Temple.
  4812 | Temple   | Entered the Ecumenical Temple
  4853 | Temple   | Became a worshipper of Vehumet
  4921 | D:5      | Entered Level 5 of the Dungeon
  5168 | D:5      | Found a sparkling altar of Nemelex Xobeh.
  5305 | D:5      | Reached skill level 2 in Dodging
  5305 | D:5      | Reached skill level 7 in Earth Magic
  5500 | D:5      | Reached skill level 1 in Fighting
  5505 | D:5      | Reached skill level 4 in Conjurations
  5927 | D:5      | Reached skill level 2 in Fighting
  6127 | D:5      | Found a glowing silver altar of Zin.
  6127 | D:5      | Noticed an angel
  6231 | D:6      | Learned a level 5 spell: Lee's Rapid Deconstruction
  6257 | D:6      | Reached * piety under Vehumet
  6257 | D:6      | Offered knowledge of Flame Tongue by Vehumet.
  6260 | D:6      | Learned a level 1 spell: Flame Tongue
  6757 | D:6      | Reached skill level 3 in Dodging
  6764 | D:6      | HP: 12/57 [black bear (5)]
  6764 | D:6      | HP: 4/57 [black bear (8)]
  6764 | D:6      | HP: 1/57 [black bear (3)]
  6764 | D:6      | Slain by a black bear

Skill      XL: |  1  2  3  4  5  6  7  8 |
---------------+-------------------------+-----
Earth Magic    | 4 5 6 7 |  7.5
Spellcasting   | 3 4 5 |  5.9
Conjurations   | 1 2 3 4 |  4.5
Dodging        | 3 |  3.0
Fighting       | 2 |  2.6
Armour         | |  0.8
Stealth        | |  2.4
Transmutations | |  1.1

Action                   |  1- 3 |  4- 6 |  7- 9 || total
-------------------------+-------+-------+-------++-------
Melee: Unarmed           |     5 |       |       ||     5
       Club              |    67 |       |       ||    67
       Mace              |    22 |    31 |    15 ||    68
       Dagger            |       |    69 |    86 ||   155
 Cast: Sandblast         |    16 |    34 |    28 ||    78
       Stone Arrow       |       |     1 |    54 ||    55
  Use: Scroll            |     2 |     2 |       ||     4
       Potion            |       |     2 |       ||     2
 Stab: Sleeping          |     2 |     2 |     3 ||     7
  Eat: Chunk             |     3 |     6 |    13 ||    22
Armor: Robe              |    14 |     9 |    11 ||    34
Dodge: Dodged            |    72 |    67 |    81 ||   220

Vault maps used:
D:1:      enne_arrival_octagon_isle, hangedman_glass_teeth, serial_bayou_ford_a
D:2:      grunt_dithmenos_smoke, first_ration, bloody_makhleb
D:3:      kiku_gazebo_pond_becter, kennysheep_cross_room,
          hangedman_decor_lopped, uniq_sigmund
D:4:      lemuel_round_altar, minmay_temple_entry_nine_rooms, xom_teletrap_fun
D:5:      zin_angel, nemelex_xobeh_ov_fountains_minmay
Temple:   jpeg_temple_island

Table legend:
 A = Turns spent in this place as a percentage of turns spent in the entire game.
 B = Non-inter-level travel turns spent in this place as a percentage of non-inter-level travel turns spent in the entire game.
 C = Inter-level travel turns spent in this place as a percentage of turns spent in this place.
 D = Turns resting spent in this place as a percentage of non-inter-level travel turns spent in this place.
 E = Turns spent auto-exploring this place as a percentage of non-inter-level travel turns spent in this place.
 F = Non-inter-level travel turns spent in this place divided by the number of levels of this place that you've seen.
                   A       B       C       D       E      F
               +-------+-------+-------+-------+-------+----------------------
         Total | 100.0 | 100.0 |   3.3 |   0.4 |  82.7 | 934.9
       Dungeon |  98.8 |  99.4 |   2.7 |   0.4 |  82.8 | 1083.7
        Temple |   1.2 |   0.6 |  48.8 |   0.0 |  64.3 |  42.0
               +-------+-------+-------+-------+-------+----------------------

Table legend:
 A = Kills in this place as a percentage of kills in entire the game.
 B = Kills by you in this place as a percentage of kills by you in the entire game.
 C = Kills by friends in this place as a percentage of kills by friends in the entire game.
 D = Other kills in this place as a percentage of other kills in the entire game.
 E = Experience gained in this place as a percentage of experience gained in the entire game.
 F = Experience gained in this place divided by the number of levels of this place that you have seen.
                   A       B       C       D       E      F
               +-------+-------+-------+-------+-------+----------------------
         Total | 100.0 | 100.0 |   N/A |   N/A | 100.0 | 275.9
       Dungeon | 100.0 | 100.0 |   N/A |   N/A | 100.0 | 321.8
               +-------+-------+-------+-------+-------+----------------------
